Map: Whitewater Line LE

Players

sexyAPM

  • Race: Protoss Protoss
  • Spawn Location: 6:00

qqq

  • Race: Zerg Zerg
  • League: Platinum
  • Spawn Location: 7:00

Massa

  • Race: Terran Terran
  • League: Gold
  • Spawn Location: 7:00

inering

  • Race: Protoss Protoss
  • Spawn Location: 1:00

InergON

  • Race: Protoss Protoss
  • Spawn Location: 12:00

Extaller

  • Race: Protoss Protoss
  • League: Diamond
  • Spawn Location: 1:00

VOD

Have the link to the VOD?

Description

Time

  • Played on: April 17, 2020, 7:38 p.m.
  • Length: 5:51
Show
View Real Time Build Order
Export as new Build Order

sexyAPM Protoss 

Build Orders: 1 Gate Expand 

Get SALT Encoding   

  12  0:01  Probe  
  13  0:13  Probe  
  14  0:21  Pylon  
  14  0:27  Probe  
  15  0:39  Probe  
  15  0:40  Gateway  
  16  0:51  Probe  
  17  1:13  Nexus  
  17  1:24  Assimilator  
  17  1:33  Cybernetics Core  
  17  1:38  Assimilator  
  17  1:39  Probe (Chrono Boost)  
  18  1:51  Probe (Chrono Boost)  
  19  2:01  Probe (Chrono Boost)  
  21  2:09  Probe (Chrono Boost)  
  21  2:14  Probe (Chrono Boost), Pylon  
  22  2:17  Forge  
  22  2:25  Probe  
  22  2:26  Probe  
  24  2:38  Probe x2  
  26  2:50  Probe x2  
  28  2:57  Photon Cannon  
  28  3:02  Probe x2, Pylon  
  30  3:14  Probe  
  30  3:16  Probe  
  32  3:26  Probe  
  33  3:29  Probe  
  33  3:32  Photon Cannon  
  34  3:39  Probe (Chrono Boost)  
  34  3:41  Probe (Chrono Boost)  
  36  3:43  Pylon  
  36  3:45  Pylon  
  36  3:52  Assimilator  
  36  3:53  Probe (Chrono Boost)  
  38  3:56  Probe (Chrono Boost)  
  38  3:59  Probe (Chrono Boost)  
  40  4:03  Probe (Chrono Boost)  
  40  4:04  Stargate  
  40  4:05  Stargate  
  40  4:07  Probe  
  41  4:12  Stargate  
  41  4:14  Probe  
  42  4:29  Stargate  
  42  4:33  Probe, Assimilator  
  42  4:45  Probe  
  43  4:55  Pylon  
  43  4:58  Probe  
  44  5:03  Fleet Beacon  
  44  5:05  Void Ray x2 (Chrono Boost)  
  44  5:06  Cybernetics Core  
  44  5:09  Void Ray (Chrono Boost)  
  44  5:10  Probe  
  57  5:24  Probe  
  55  5:36  Probe  
Show
View Real Time Build Order
Export as new Build Order

qqq Zerg 

Build Orders: Pool First 

Get SALT Encoding   

  12  0:18  Spawning Pool  
  11  0:25  Drone  
  12  0:28  Extractor  
  11  0:38  Drone  
  11  0:40  Overlord  
  12  0:46  Drone  
  13  1:05  Zergling x4  
  15  1:16  Zergling x2  
  16  1:30  Metabolic Boost  
  16  1:31  Queen  
  18  1:34  Zergling x2  
  19  1:43  Overlord  
  19  1:48  Zergling x2  
  20  1:54  Zergling x2  
  21  2:04  Zergling x2  
  22  2:15  Zergling x2  
  22  2:42  Hatchery  
  17  2:52  Zergling x4  
  17  2:53  Zergling x4  
  20  3:01  Zergling x2  
  21  3:20  Drone  
  21  3:21  Overlord  
  21  3:24  Overlord  
  18  3:48  Zergling x2  
  18  3:49  Zergling x2  
  20  3:58  Zergling x8  
  20  4:00  Drone  
  25  4:15  Drone x2  
  27  4:25  Zergling x4  
  27  4:26  Drone  
  23  5:02  Roach Warren  
  23  5:03  Drone  
  23  5:04  Drone x4  
  26  5:07  Drone  
  27  5:15  Overlord  
  26  5:27  Spine Crawler  
  26  5:28  Overlord  
Show
View Real Time Build Order
Export as new Build Order

Massa Terran 

Build Orders:  

Get SALT Encoding   

  12  0:04  SCV  
  13  0:17  Supply Depot  
  13  0:21  SCV  
  14  0:45  SCV  
  15  0:54  Barracks  
  15  0:58  SCV  
  16  1:10  SCV, Barracks  
  17  1:22  SCV  
  18  1:36  SCV  
  19  1:42  Marine  
  20  1:48  SCV  
  21  2:00  SCV, Marine  
  22  2:11  Refinery  
  22  2:16  Orbital Command  
  22  2:18  Marine  
  23  2:36  Command Center  
  23  2:43  Supply Depot  
  23  2:48  Supply Depot  
  23  2:55  Barracks  
  17  3:26  SCV  
  18  3:31  Barracks  
  18  3:35  Barracks  
  18  3:42  Barracks  
  17  4:05  SCV  
  18  4:17  SCV  
  18  4:19  Marine  
  18  4:22  Marine  
  18  4:23  Barracks  
  21  4:27  SCV  
  21  4:29  SCV  
  23  4:36  Marine  
  23  4:37  Marine  
  25  4:39  SCV  
  25  4:40  Marine  
  25  4:41  SCV  
  28  4:51  SCV  
  29  4:53  SCV  
  29  4:54  Marine x2  
  29  4:57  Marine  
  33  5:05  SCV  
  34  5:12  Marine x2  
  34  5:13  Factory  
  36  5:15  Marine  
  36  5:17  SCV  
  38  5:29  Marine  
  38  5:30  SCV  
  44  5:47  Bunker  
Show
View Real Time Build Order
Export as new Build Order

inering Protoss 

Build Orders:  

Get SALT Encoding   

  12  0:01  Probe  
  13  0:13  Probe  
  14  0:19  Pylon  
  14  0:25  Probe  
  15  0:30  Assimilator  
  15  0:37  Probe  
  16  0:48  Gateway  
  16  0:50  Probe  
  17  1:02  Probe  
  18  1:08  Pylon  
  18  1:12  Gateway  
  18  1:30  Probe  
  19  1:40  Cybernetics Core  
  19  1:42  Probe  
  19  1:44  Zealot (Chrono Boost)  
  22  1:52  Gateway  
  22  2:10  Probe  
  22  2:13  Assimilator  
  23  2:18  Stalker (Chrono Boost)  
  23  2:22  Stalker (Chrono Boost)  
  27  2:23  Probe  
  27  2:29  Pylon  
  26  3:23  Warp Gate (Chrono Boost)  
  26  3:24  Stalker  
  26  3:25  Stalker x2  
  32  3:40  Nexus  
  30  3:54  Stalker  
  32  3:56  Assimilator  
  32  4:00  Assimilator  
  32  4:03  Stalker x2  
  32  4:07  Pylon  
  36  4:29  Probe  
  37  4:34  Pylon  
  37  4:36  Pylon  
  37  4:41  Probe  
  38  4:53  Probe  
  39  5:05  Probe  
  40  5:08  Stalker x3  
  46  5:15  Forge  
  46  5:17  Probe  
  46  5:20  Twilight Council  
  47  5:22  Probe  
Show
View Real Time Build Order
Export as new Build Order

InergON Protoss 

Build Orders:  

Get SALT Encoding   

  12  0:01  Probe  
  13  0:13  Probe  
  14  0:20  Pylon  
  14  0:25  Probe  
  15  0:38  Probe  
  16  0:47  Gateway  
  16  0:50  Probe  
  16  0:51  Assimilator  
  17  1:05  Probe  
  18  1:17  Probe  
  19  1:29  Probe  
  19  1:33  Zealot (Chrono Boost)  
  19  1:39  Cybernetics Core  
  21  1:41  Probe  
  22  1:51  Gateway  
  22  1:54  Probe  
  22  1:55  Assimilator  
  22  1:57  Pylon  
  24  2:17  Stalker (Chrono Boost)  
  24  2:26  Pylon  
  24  2:31  Warp Gate (Chrono Boost)  
  24  2:32  Gateway  
  24  3:11  Stalker x2  
  28  3:31  Stalker  
  30  3:36  Gateway  
  28  4:05  Probe  
  27  4:17  Probe  
  28  4:25  Stalker  
  28  4:26  Stalker  
  28  4:27  Sentry  
  28  4:30  Stalker  
  36  4:35  Nexus  
  36  4:57  Stalker  
  38  5:05  Pylon  
  38  5:07  Pylon  
  38  5:10  Pylon  
  38  5:12  Assimilator  
  38  5:24  Stalker x4  
  46  5:49  Stalker  
  49  5:50  Stalker x2  
Show
View Real Time Build Order
Export as new Build Order

Extaller Protoss 

Build Orders: Phoenix Opening, Mass Phoenix 

Get SALT Encoding   

  12  0:01  Probe  
  13  0:13  Probe  
  14  0:19  Pylon  
  14  0:25  Probe  
  15  0:31  Assimilator  
  15  0:41  Gateway  
  15  0:44  Probe (Chrono Boost)  
  16  0:56  Probe (Chrono Boost), Assimilator  
  17  1:01  Probe (Chrono Boost)  
  18  1:14  Probe  
  18  1:15  Pylon  
  19  1:26  Probe  
  19  1:28  Cybernetics Core  
  20  1:41  Probe  
  21  1:51  Gateway  
  21  1:53  Probe  
  22  2:04  Adept (Chrono Boost)  
  24  2:09  Stargate  
  24  2:26  Adept (Chrono Boost)  
  26  2:32  Stargate  
  26  2:57  Phoenix  
  28  3:16  Phoenix  
  30  3:28  Probe (Chrono Boost)  
  30  3:30  Nexus  
  31  3:59  Pylon  
  31  4:16  Pylon  
  31  4:17  Probe, Phoenix (Chrono Boost)  
  31  4:20  Pylon  
  36  4:24  Phoenix (Chrono Boost)  
  36  4:29  Probe  
  37  4:36  Phoenix (Chrono Boost)  
  39  4:42  Phoenix  
  39  4:44  Probe x2 (Chrono Boost)  
  44  4:54  Probe x2 (Chrono Boost)  
  44  4:58  Probe x2 (Chrono Boost)  
  45  5:00  Assimilator  
  47  5:10  Probe  
  48  5:15  Phoenix x2  
  52  5:28  Probe x2  
  54  5:34  Assimilator  
Tags
 
Add a new tag
Caveats
  • Supply blocks, unpowered buildings, or Contaminate may cause inaccurate times.
  • Supply counts are checked every 10 seconds.